 Dungeon Crawl Stone Soup version 0.25-a0-705-ge9988fc (webtiles) character file.

Game seed: 14713707822672371546, levelgen mode: deterministic

4158 MrTaco21 the Basher (level 10, -1/56 HPs)
             Began as a Gargoyle Fighter on Apr 4, 2020.
             Was a Follower of Qazlal.
             Killed by the air
             ... invoked by Gastronok
              (24 damage)
             ... on level 9 of the Dungeon.
             The game lasted 00:16:50 (9743 turns).

MrTaco21 the Basher (Gargoyle Fighter)              Turns: 9743, Time: 00:16:50

Health: -1/56      AC: 21    Str: 22    XL:     10   Next: 28%
Magic:  1/1        EV:  6    Int: 15    God:    Qazlal [*.....]
Gold:   503        SH: 17    Dex:  9    Spells: 9/9 levels left

rFire    + . .     SeeInvis .   a - +0 flail
rCold    . . .     Gourm    .   c - +0 kite shield
rNeg     + . .     Faith    .   q - +0 chain mail "Itiabb" {+Inv rF+ MP-9}
rPois    ∞         Spirit   .   A - +0 hat
rElec    +         Reflect  +   (no cloak)
rCorr    .         Harm     .   v - +1 pair of gloves
MR       .....                  L - +2 pair of boots
Stlth    ..........             H - +4 amulet of reflection
HPRegen  0.18/turn              w - +5 ring of intelligence
MPRegen  0.07/turn              D - ring of stealth

@: slowed, studying Staves, very slow
A: negative energy resistance 1, electricity resistance, unbreathing,
petrification resistance, rot immunity, AC +7
a: Renounce Religion, Evoke Invisibility


You were on level 9 of the Dungeon.
You worshipped Qazlal.
Qazlal was aware of your devotion.
You were not hungry.

You visited 2 branches of the dungeon, and saw 10 of its levels.
You also visited: Ossuary.

You collected 503 gold pieces.

Inventory:

Hand Weapons
 a - a +0 flail (weapon)
 z - the +7 dagger of the Final Chapter {pain, rF+++ Str+3}
   (You found it on level 4 of the Dungeon)

   In the hands of one skilled in necromantic magic, it inflicts extra damage on
   living creatures.
   It affects your strength (+3).
   It renders you almost immune to fire.
Missiles
 I - a throwing net (quivered) {!f}
Armour
 c - a +0 kite shield (worn)
 q - the +0 chain mail "Itiabb" (worn) {+Inv rF+ MP-9}
   (You found it on level 6 of the Dungeon)

   It protects you from fire.
   It affects your magic capacity (-9).
   It lets you turn invisible.
 v - a +1 pair of gloves (worn)
   (You found it on level 5 of the Dungeon)
 A - a +0 hat (worn)
   (You found it on level 3 of the Dungeon)
 B - a +0 tower shield
   (You found it on level 3 of the Dungeon)
 L - a +2 pair of boots (worn)
   (You found it on level 8 of the Dungeon)
Jewellery
 w - a +5 ring of intelligence (left hand)
   (You found it on level 3 of the Dungeon)
 D - a ring of stealth (right hand)
   (You found it on level 5 of the Dungeon)
 H - a +4 amulet of reflection (around neck)
   (You found it on level 5 of the Dungeon)
Wands
 d - a wand of iceblast (10)
   (You found it on level 2 of the Dungeon)
 x - a wand of acid (8)
   (You found it on level 9 of the Dungeon)
 G - a wand of enslavement (7)
   (You took it off a centaur on level 5 of the Dungeon)
Scrolls
 i - 2 scrolls of identify {@r1}
 k - a scroll of remove curse {@r2}
 l - 3 scrolls of immolation {!r}
 o - 5 scrolls of enchant armour
 s - a scroll of noise {unknown}
 t - a scroll of fog {unknown}
 u - 3 scrolls of teleportation {@r4}
 y - a scroll of blinking {unknown}
 C - a scroll of fear {unknown}
 F - a scroll of amnesia {unknown}
 J - a scroll of vulnerability {unknown}
 M - a scroll of magic mapping {unknown}
Potions
 b - 2 potions of mutation {!q}
 f - a potion of brilliance {unknown}
 g - 4 potions of curing {@q1}
 h - 3 potions of heal wounds {@q2}
 j - a potion of ambrosia {unknown}
 m - 6 potions of flight
 n - a potion of might
 p - a potion of stabbing {unknown}
 r - 4 potions of lignification {!q}
 K - 2 potions of invisibility {unknown}
Books
 E - a manual of Staves {!d}
   (You found it on level 4 of the Dungeon)
Comestibles
 e - 18 rations {!d}


   Skills:
 - Level 3.2 Fighting
 - Level 12.0 Maces & Flails
 - Level 3.2 Armour
 + Level 9.6 Shields


You had 9 spell levels left.
You didn't know any spells.
Your spell library contained the following spells:

 Spells                   Type           Power        Failure   Level  Hunger
 Animate Skeleton         Necr           N/A          99%         1    ##.....
 Pain                     Necr           #...         99%         1    ##.....
 Vampiric Draining        Necr           #.........   100%        3    ####...
 Animate Dead             Necr           N/A          100%        4    #####..
 Agony                    Necr           #.......     100%        5    ######.


Dungeon Overview and Level Annotations

Branches:
Dungeon (9/15)             Temple (1/1) D:7         Ossuary (visited)
   Lair: D:8-11         Orc: D:9-12

Altars:
Ashenzari
Cheibriados
Dithmenos
Elyvilon
Fedhas
Gozag
Hepliaklqana
Kikubaaqudgha
Makhleb
Nemelex Xobeh
Okawaru
Qazlal
Ru
Sif Muna
Trog
Uskayaw
Vehumet
Wu Jian
Xom
Yredelemnul
Zin
The Shining One

Annotations:
D:9 Gastronok


Innate Abilities, Weirdness & Mutations

You are resistant to torment.
Your stone body is resilient. (AC +7)
You are immune to poison.
You resist negative energy. (rN+)
You are resistant to electric shocks. (rElec)
You can survive without breathing.
You are immune to petrification.
You are immune to rotting.


Message History

You completely miss Gastronok.
Gastronok makes a strange noise.
Gastronok bites you!
Unknown command.
You hit Gastronok.
Gastronok mumbles some strange words.
Gastronok puts on a burst of speed!
Unknown command.
You hit Gastronok.
Unknown command.
You hit Gastronok. Gastronok bites you!
Unknown command.
You hit Gastronok.
Unknown command.
You hit Gastronok.
Gastronok waves his eye-stalks in wide circles.
The air twists around and strikes you!
* * * LOW HITPOINT WARNING * * *
You hit Gastronok but do no damage. Gastronok looks at you while chanting.
You feel as though you will be slow longer.
Unknown command.
Your chain mail "Itiabb" prevents you from hitting Gastronok.
Unknown command.
Unknown command.
You hit Gastronok but do no damage. You block Gastronok's attack.
You hit Gastronok.
Gastronok is engulfed in freezing vapours.
You block Gastronok's attack.
Unknown command.
You thump Gastronok!
Unknown command.
Unknown command.
Unknown command.
Unknown command.
Gastronok is engulfed in freezing vapours.
There is an open door here.
Gastronok casts a spell.
The bat hits you but does no damage. You block the bat's attack.
Gastronok casts a spell.
You block the bat's attack. The bat hits you but does no damage.
You block the bat's attack. x2
You block the bat's attack. You block the bat's attack.
You block the bat's attack. The bat closely misses you.
Gastronok waves his eye-stalks in wide circles.
The air twists around and strikes you!!
You die...

#.#.#.##...... ######
#.#.#.##.###.#
#....########.#.#.........
#....'.b........#..#.###.#
#...w#.............#'###..
#...r#..........##....####
####.#....................
#w########'#####....###
#..r.b@..#.# ##+#'###
####################.# #......
#.............(......# #......
##.########################......
#.# ####...............#+### #.#
#....###........#..# #.# #....#
#.#####..#..# #.# #....# #.#
#..#..# #.# ####.# #.# #..#...


You could see Gastronok, a bat and a rat.

Vanquished Creatures
  Prince Ribbit (D:9)
  2 orc warriors
  A black bear (D:5)
  3 sky beasts
  2 phantoms
  2 centaurs
  6 ogres
  A crocodile (D:8)
  2 bullfrogs
  A gnoll sergeant (D:8)
  A scorpion (D:4)
  A wyvern skeleton (D:8)
  4 crimson imps
  A howler monkey (D:5)
  4 hounds
  A bullfrog zombie (D:7)
  4 centaur zombies
  A jelly (D:9)
  2 human zombies (Ossuary)
  4 bullfrog skeletons
  2 centaur skeletons
  7 orc priests
  7 orc wizards
  Jessica (D:3)
  Ijyb (D:3)
  Terence (D:3)
  2 iguanas (D:9)
  8 worker ants
  3 big kobold zombies (Ossuary)
  A hound skeleton (D:4)
  2 mummies (Ossuary)
  A worker ant zombie (D:8)
  4 gnolls (D:8)
  7 adders
  2 shadow imps
  An ooze (D:6)
  2 adder zombies
  2 adder skeletons
  2 worms (D:2)
  2 dart slugs (D:1)
  7 leopard geckos
  21 orcs
  2 giant cockroaches
  9 goblins
  6 hobgoblins
  9 jackals
  7 kobolds
  9 quokkas
  10 bats
  6 frilled lizards
  2 goblin zombies (Ossuary)
  7 hobgoblin zombies (Ossuary)
  11 kobold zombies (Ossuary)
  A leopard gecko skeleton (D:5)
  2 leopard gecko zombies (D:5)
  9 orc zombies (Ossuary)
  A quokka zombie (D:7)
  6 rats
227 creatures vanquished.

Vanquished Creatures (others)
  A centaur (D:7)
1 creature vanquished.

Grand Total: 228 creatures vanquished

Notes
Turn   | Place    | Note
-------+----------+-------------------------------------------
     0 | D:1      | MrTaco21 the Gargoyle Fighter began the quest for the Orb.
     0 | D:1      | Reached XP level 1. HP: 14/14 MP: 1/1
    99 | D:1      | Reached XP level 2. HP: 19/19 MP: 2/2
   374 | D:1      | Reached skill level 3 in Maces & Flails
   709 | D:2      | Reached XP level 3. HP: 21/23 MP: 3/3
   735 | D:2      | Reached skill level 4 in Maces & Flails
   767 | D:2      | Reached XP level 4. HP: 19/28 MP: 4/4
  1253 | D:2      | Reached skill level 5 in Maces & Flails
  1422 | D:3      | Reached XP level 5. HP: 32/32 MP: 5/5
  1443 | D:3      | Found a basalt altar of Yredelemnul.
  1478 | D:3      | Found a shattered altar of Ashenzari.
  1520 | D:3      | You fall into a shaft and drop 3 floors!
  1634 | D:6      | Found a glowing silver altar of Zin.
  1673 | D:6      | Found a sand-covered staircase.
  1681 | Ossuary  | Entered an ossuary
  2057 | Ossuary  | Reached skill level 6 in Maces & Flails
  2120 | Ossuary  | Reached XP level 6. HP: 28/37 MP: 6/6
  2290 | Ossuary  | Reached skill level 7 in Maces & Flails
  2422 | D:6      | Reached XP level 7. HP: 37/41 MP: 7/7
  2431 | D:6      | Got a blackened chain mail
  2433 | D:6      | Identified the cursed +0 chain mail "Itiabb" {+Inv rF+
                  | MP-9} (You found it on level 6 of the Dungeon)
  2574 | D:5      | Entered Level 5 of the Dungeon
  2626 | D:5      | Reached skill level 8 in Maces & Flails
  2669 | D:5      | Found a hide-covered altar of Uskayaw.
  2803 | D:4      | Found a white marble altar of Elyvilon.
  3049 | D:3      | Found a shimmering altar of Xom.
  3137 | D:3      | Noticed Jessica
  3142 | D:3      | Killed Jessica
  3236 | D:3      | Noticed Terence
  3246 | D:3      | Killed Terence
  3358 | D:3      | Noticed Ijyb
  3366 | D:3      | Killed Ijyb
  3758 | D:4      | Got a smoking dagger
  3759 | D:4      | Identified the +7 dagger of the Final Chapter {pain, rF+++
                  | Str+3} (You found it on level 4 of the Dungeon)
  3880 | D:4      | Reached skill level 9 in Maces & Flails
  3880 | D:4      | Reached XP level 8. HP: 46/46 MP: 0/8
  4077 | D:4      | Found a bloodstained altar of Trog.
  4458 | D:5      | Reached skill level 10 in Maces & Flails
  5158 | D:5      | Reached skill level 11 in Maces & Flails
  5220 | D:6      | Found a sparkling altar of Nemelex Xobeh.
  5228 | D:6      | Reached XP level 9. HP: 51/51 MP: 0/9
  5959 | D:7      | Reached skill level 12 in Maces & Flails
  6216 | D:7      | Found a staircase to the Ecumenical Temple.
  6842 | D:7      | Found a shimmering blue altar of Sif Muna.
  6974 | Temple   | Entered the Ecumenical Temple
  7024 | Temple   | Became a worshipper of Qazlal Stormbringer
  7222 | D:8      | Reached skill level 5 in Shields
  8305 | D:8      | Reached * piety under Qazlal
  8698 | D:9      | Noticed Prince Ribbit
  8720 | D:8      | Reached XP level 10. HP: 56/56 MP: 1/10
  9061 | D:9      | Noticed a two-headed ogre
  9216 | D:9      | Killed Prince Ribbit
  9538 | D:9      | Noticed Gastronok
  9743 | D:9      | Killed from afar by Gastronok

Levels and vault maps discovered:
D:1:      lightli_arrival_maybe_door_vault, layout_loops_ring
D:2:      layout_loops_ring
D:3:      layout_loops_ring, nicolae_overflow_crystal_walls,
          overflow_temple_1_default, nicolae_ashenzari_panopticon, uniq_jessica,
          uniq_terence, uniq_ijyb
D:4:      layout_loops_corners, elyvilon_altar_5, kennysheep_mini_moat,
          minmay_manual_macuahuitl
D:5:      black_bear_nest_1, layout_rooms, overflow_temple_1_default,
          first_ration
D:6:      layout_loops_cross, lemuel_crystal_altar, enter_ossuary_2, basic_altar
D:7:      layout_layer_cave, lemuel_blue_sif_altar, minmay_temple_entry_mist,
          grunt_ogre_cave, chequers_serial_rivers_room_b
D:8:      layout_cave_pods
D:9:      layout_basic, david_orc_4, uniq_gastronok, uniq_prince_ribbit1,
          uniq_erica
Temple:   eino_wide_crystal_templ

Skill      XL: |  1  2  3  4  5  6  7  8  9 10 |
---------------+-------------------------------+-----
Maces & Flails | 3 4 5 6 7 9 11 12 | 12.0
Shields        | 7 9 |  9.6
Fighting       | |  3.2
Armour         | |  3.2

Action                   |  1- 3 |  4- 6 |  7- 9 | 10-12 || total
-------------------------+-------+-------+-------+-------++-------
Melee: Flail             |   110 |   382 |   611 |   123 ||  1226
  Use: Scroll            |       |       |    14 |       ||    14
  Eat: Chunk             |       |     4 |    16 |     3 ||    23
       Ration            |       |     1 |     1 |       ||     2
Armor: Scale mail        |    73 |   180 |    22 |       ||   275
       Chain mail        |       |       |   277 |    35 ||   312
Dodge: Dodged            |    54 |   103 |    88 |     8 ||   253
Block: Kite shield       |    77 |   189 |   322 |    81 ||   669
       Reflection        |       |       |     4 |       ||     4

Table legend:
 A = Non-vault XP
 B = Vault XP
 C = Vault XP percentage of total XP
 D = Non-vault monster count
 E = Vault monster count
 F = Vault count percentage of total count
                 A         B        C        D         E       F
            +---------+---------+-------+---------+---------+-------
      Total |    4945 |     996 |  16.8 |     182 |      46 |  20.2
            +---------+---------+-------+---------+---------+-------
        D:1 |      32 |       0 |   0.0 |      16 |       0 |   0.0
        D:2 |     132 |       0 |   0.0 |      34 |       0 |   0.0
        D:3 |      33 |     109 |  76.8 |      13 |       3 |  18.8
        D:4 |     532 |      42 |   7.3 |      18 |       1 |   5.3
        D:5 |     859 |     126 |  12.8 |      25 |       1 |   3.8
        D:6 |     304 |       0 |   0.0 |      17 |       0 |   0.0
        D:7 |     790 |     122 |  13.4 |      17 |       1 |   5.6
        D:8 |    1285 |       0 |   0.0 |      31 |       0 |   0.0
        D:9 |     978 |     277 |  22.1 |      11 |       1 |   8.3
    Ossuary |       0 |     320 | 100.0 |       0 |      39 | 100.0
            +---------+---------+-------+---------+---------+-------
